 Dungeon Crawl Stone Soup version 0.22-a0-879-g615c57abe7 (webtiles) character file.

91 Bapho the Slasher (level 4, 0/40 HPs)
             Began as a Draconian Monk on July 30, 2018.
             Slain by a river rat (4 damage)
             ... on level 3 of the Dungeon.
             The game lasted 00:06:16 (2768 turns).

Bapho the Slasher (Draconian Monk)                  Turns: 2768, Time: 00:06:17

Health: 0/40       AC:  5    Str: 13    XL:     4   Next: 34%
Magic:  4/4        EV: 13    Int: 10    God:
Gold:   81         SH:  0    Dex: 15    Spells: 3/3 levels left

rFire    . . .     SeeInvis .   a - +0 falchion
rCold    . . .     Gourm    .   (no shield)
rNeg     . . .     Faith    .   (armour unavailable)
rPois    .         Spirit   .   (helmet restricted)
rElec    .         Reflect  .   (no cloak)
rCorr    .         Harm     .   (no gloves)
MR       .....                  (no boots)
Stlth    ++........             (no amulet)
HPRegen  0.13/turn              (no ring)
MPRegen  0.09/turn              (no ring)

@: no status effects
A: unfitting armour, cold-blooded, AC +5
a: no special abilities


You were on level 3 of the Dungeon.
You were not hungry.

You visited 1 branch of the dungeon, and saw 3 of its levels.

You collected 81 gold pieces.

Inventory:

Hand Weapons
 a - a +0 falchion (weapon)
Missiles
 l - 8 stones (quivered)
Wands
 p - a wand of enslavement (14)
Scrolls
 e - a scroll of immolation {unknown}
 g - a scroll of fear {unknown}
 h - a scroll of identify {unknown}
 j - 2 scrolls of remove curse {unknown}
 m - a scroll of enchant armour {unknown}
 n - a scroll of teleportation {unknown}
Potions
 c - a potion of resistance {unknown}
 d - 2 potions of lignification {unknown}
 i - 2 potions of flight {unknown}
 k - a potion of haste {unknown}
 o - a potion of mutation {unknown}
Comestibles
 b - 4 rations
 f - a chunk of flesh


   Skills:
 + Level 4.2 Fighting
 * Level 4.6 Long Blades
 - Level 2.6 Dodging
 - Level 1.7 Stealth


You had 3 spell levels left.
You didn't know any spells.
Your spell library was empty.

Dungeon Overview and Level Annotations

Branches:
Dungeon (3/15)

Altars:
Cheibriados
Nemelex Xobeh


Innate Abilities, Weirdness & Mutations

Your plain brown scales are hard. (AC +5)
You cannot fit into any form of body armour.
You are cold-blooded and may be slowed by cold attacks.


Message History

You barely miss the river rat.
You tail-slap the river rat, but do no damage.
The river rat is moderately wounded.
The river rat completely misses you.
You riposte.
You hit the river rat.
The river rat is heavily wounded.
You hit the river rat but do no damage.
The river rat is heavily wounded.
The river rat completely misses you.
You barely miss the river rat.
The river rat is heavily wounded.
The river rat bites you.
* * * LOW HITPOINT WARNING * * *
You barely miss the river rat.
The river rat is heavily wounded.
The river rat misses you. The river rat bites you.
* * * LOW HITPOINT WARNING * * *
You hit the river rat but do no damage.
Your tail-slap misses the river rat.
The river rat is heavily wounded.
The river rat bites you.
You die...

##.......#.###
####.####
##########<# #.#
# #.# #.# # ##+#
#.# # #...# #.##
# .....# ###..#
......# ##.##.#
.......####...#.#
.(.....r@.......#
##.....####...#.#
#(...# ##.##.#
#≈.(. ####.# #≈(.
#.# ≈((≈. #.#
≈#≈. #.# ≈≈. .#


You could see a river rat.

Vanquished Creatures
  2 adders
  A river rat (D:3)
  4 dart slugs
  A leopard gecko (D:1)
  3 orcs (D:3)
  4 giant cockroaches
  4 goblins (D:1)
  5 hobgoblins
  A jackal (D:1)
  7 kobolds
  3 quokkas (D:2)
  A ball python (D:3)
  4 bats
  2 frilled lizards
  11 rats
  A bush (D:1)
54 creatures vanquished.

Notes
Turn   | Place    | Note
-------+----------+-------------------------------------------
     0 | D:1      | Bapho the Draconian Monk began the quest for the Orb.
     0 | D:1      | Reached XP level 1. HP: 19/19 MP: 1/1
   211 | D:1      | Reached XP level 2. HP: 20/26 MP: 2/2
  1468 | D:2      | Reached XP level 3. HP: 33/33 MP: 3/3
  2117 | D:2      | Found a snail-covered altar of Cheibriados.
  2508 | D:3      | Reached XP level 4. HP: 27/40 MP: 4/4
  2642 | D:3      | Found a sparkling altar of Nemelex Xobeh.
  2768 | D:3      | Slain by a river rat

Vault maps used:
D:1:      onia_arrival_handbag, minmay_hedge_maze, st_stairs_10,
          kennysheep_pointless_box
D:2:      kennysheep_slug_shrine
D:3:      led_sif_pool, lightli_sewer_entry_pipes, first_ration,
          nemelex_diamond_rough_becter

Skill      XL: |  1  2  3 |
---------------+----------+-----
Long Blades    | 4 |  4.6
Fighting       | 4 |  4.2
Dodging        | |  2.6
Stealth        | |  1.7

Action                   |  1- 3 |  4- 6 || total
-------------------------+-------+-------++-------
Melee: Falchion          |   249 |    24 ||   273
       Tailslap          |    56 |     6 ||    62
Throw: Stone             |    72 |    13 ||    85
 Stab: Sleeping          |     2 |       ||     2
  Eat: Chunk             |     6 |       ||     6
Armor: Skin              |    21 |     2 ||    23
Dodge: Dodged            |    91 |    11 ||   102
       Rpst.: Falchion   |    21 |     6 ||    27

Table legend:
 A = Spawn XP
 B = Non-spawn XP
 C = Spawn XP percentage of total XP
 D = Spawn monster count
 E = Non-spawn monster count
 F = Spawn count percentage of total count
 G = Total turns spent on level
                    A         B        C        D         E        F      G
               +---------+---------+-------+---------+---------+-------+---------
         Total |       0 |     131 |   0.0 |       0 |      53 |   0.0 |  2768
               +---------+---------+-------+---------+---------+-------+---------
           D:1 |       0 |      35 |   0.0 |       0 |      21 |   0.0 |  1351
           D:2 |       0 |      49 |   0.0 |       0 |      21 |   0.0 |   946
           D:3 |       0 |      47 |   0.0 |       0 |      11 |   0.0 |   471
               +---------+---------+-------+---------+---------+-------+---------
